 Dungeon Crawl Stone Soup version 0.25.1-1-g288607f (webtiles) character file.

Game seed: 14135937477926311623

37 RonnieColeman the Conjurer (level 3, -3/23 HPs)
             Began as an Octopode Conjurer on Sept 14, 2020.
             Slain by Sigmund
             ... wielding a +0 scythe
              (6 damage)
             ... on level 2 of the Dungeon.
             The game lasted 00:01:55 (1160 turns).

RonnieColeman the Conjurer (Octopode Conjurer)      Turns: 1160, Time: 00:01:55

Health: -3/23      AC:  2    Str:  7    XL:     3   Next: 39%
Magic:  0/7        EV: 13    Int: 18    God:
Gold:   108        SH:  0    Dex: 12    Spells: 4/7 levels left

rFire    . . .     SeeInvis .   d - +0 dagger
rCold    . . .     Gourm    .   (no shield)
rNeg     . . .     Faith    .   e - +1 hat
rPois    .         Spirit   .   (no amulet)
rElec    .         Reflect  .   (no ring)
rCorr    .         Harm     .   (no ring)
MR       .....                  (no ring)
Stlth    +++.......             (no ring)
HPRegen  0.07/turn              (no ring)
MPRegen  0.10/turn              (no ring)
                                (no ring)
                                (no ring)

@: very slightly contaminated
A: almost no armour, stealthy swim, amphibious, 8 rings, constrict 8, camouflage
1, gelatinous body 1
a: no special abilities


You were on level 2 of the Dungeon.
You were not hungry.

You visited 1 branch of the dungeon, and saw 2 of its levels.

You collected 108 gold pieces.

Inventory:

Hand Weapons
 d - a +0 dagger (weapon)
Armour
 e - a +1 hat (worn)
Scrolls
 f - 2 scrolls of teleportation {unknown}
 g - a scroll of enchant weapon {unknown}
 j - a scroll of enchant armour {unknown}
 k - a scroll of identify {unknown}
 m - a scroll of fog {unknown}
Potions
 a - 3 potions of heal wounds {unknown}
 h - 3 potions of curing {unknown}
 i - a potion of might {unknown}
 l - a potion of lignification {unknown}
Comestibles
 b - 3 rations
 c - 6 chunks of flesh


   Skills:
 + Level 1.2 Fighting
 - Level 2.0 Dodging
 - Level 2.6 Stealth
 * Level 2.8 Spellcasting
 + Level 4.2 Conjurations


You had 4 spell levels left.
You knew the following spells:

 Your Spells              Type           Power        Failure   Level  Hunger
a - Magic Dart            Conj           ###.         2%          1    None
b - Searing Ray           Conj           ###...       4%          2    ##.....

Your spell library contained the following spells:

 Spells                   Type           Power        Failure   Level  Hunger
 Dazzling Flash           Conj/Hex       ##....       21%         3    ###....
 Fulminant Prism          Conj/Hex       ##........   56%         4    ####...
 Iskenderun's Mystic Bla  Conj/Tloc      ##......     56%         4    ####...


Dungeon Overview and Level Annotations

Branches:
Dungeon (2/15)

Altars:

Annotations:
D:2 Sigmund


Innate Abilities, Weirdness & Mutations

You cannot wear most types of armour.
You are very stealthy in the water. (Stealth+)
You are amphibious.
You can wear up to eight rings at the same time.
You can use your tentacles to constrict eight enemies at once.
Your skin changes colour to match your surroundings (Stealth+).
Your rubbery body absorbs attacks. (AC +1, EV +1)


Message History

Sigmund barely misses you.
The searing ray hits Sigmund!
Sigmund is almost dead.
You finish channeling your searing ray.
Sigmund casts a spell at you. The magic dart hits you!
Casting: Searing Ray (safe; 4% risk of failure)
Confirm with . or Enter, or press ? or * to list all spells.
Aiming: Searing Ray (safe; 4% risk of failure)
Press: ? - help, Shift-Dir - straight line, f/p - Sigmund
Aim: Sigmund, wielding a +0 scythe and wearing a +0 robe (almost dead)
You miscast Searing Ray.
You are very lightly contaminated with residual magic.
Nothing appears to happen.
Sigmund points at you and mumbles some strange words.
The puff of flame hits you!
Ouch! That really hurt!
* * * LOW HITPOINT WARNING * * *
Sigmund hits you with a +0 scythe.
You die...

#.#. .# # .#. .# . ..
.# #.#. .# #.#.####.#
#.....#.# #......# ##
##.#@### #.# ##@.#
#.# ##(#.# #.###.##.#
#.#.....# #<..#####
#...# #...#
######...######
.#####......รท......#


You could see Sigmund.

Vanquished Creatures
  An ooze (D:1)
  3 worms (D:2)
  A giant cockroach (D:1)
  3 goblins (D:1)
  A hobgoblin (D:1)
  3 jackals (D:1)
  5 bats
  2 frilled lizards
  A kobold (D:1)
  4 rats
24 creatures vanquished.

Notes
Turn   | Place    | Note
-------+----------+-------------------------------------------
     0 | D:1      | RonnieColeman the Octopode Conjurer began the quest for the
                  | Orb.
     0 | D:1      | Reached XP level 1. HP: 11/11 MP: 3/3
   319 | D:1      | Reached XP level 2. HP: 11/18 MP: 0/5
   712 | D:1      | Reached skill level 1 in Fighting
   821 | D:1      | Reached XP level 3. HP: 23/23 MP: 6/6
   883 | D:1      | Learned a level 2 spell: Searing Ray
  1151 | D:2      | Noticed Sigmund
  1160 | D:2      | Slain by Sigmund

Illustrated notes

Levels and vault maps discovered:
D:1:      lightli_molten_gateway, layout_basic, nrook_mini_vaults
D:2:      layout_loops_cross, old_standard_altar, first_ration, uniq_sigmund

Skill      XL: |  1  2 |
---------------+-------+-----
Fighting       | 1 |  1.2
Dodging        | |  2.0
Stealth        | |  2.6
Spellcasting   | |  2.8
Conjurations   | |  4.2

Action                   || total
-------------------------++-------
Melee: Dagger            ||    32
       Club              ||     4
       Constrict         ||    10
       Tentacles         ||     6
       Unarmed           ||     3
 Cast: Magic Dart        ||     9
       Searing Ray       ||     4
 Stab: Distracted        ||     1
       Sleeping          ||     8
  Eat: Chunk             ||     1
Armor: Skin              ||     6
Dodge: Dodged            ||    22
